 Dungeon Crawl Stone Soup version 0.27.1-34-g3ba077fa99 (webtiles) character file.

Game seed: 16397278760279603219

143310 KamiKatze the Eclecticist (level 16, -5/88 HPs)
             Began as a Deep Elf Conjurer on Jan 5, 2022.
             Was the Champion of Vehumet.
             Killed from afar by a naga mage (25 damage)
             ... with a bolt of poison
             ... on level 4 of the Snake Pit on Jan 6, 2022.
             The game lasted 04:05:26 (35662 turns).

KamiKatze the Eclecticist (Deep Elf Conjurer)      Turns: 35662, Time: 04:05:26

Health: -5/88      AC: 12    Str:  4    XL:     16   Next: 82%
Magic:  39/39      EV: 16    Int: 31    God:    Vehumet [******]
Gold:   2935       SH:  5    Dex: 13    Spells: 7/50 levels left

rFire    + . .     SeeInvis .   e - staff of air
rCold    + . .     Faith    .   H - +0 buckler
rNeg     . . .     Spirit   .   t - +0 robe {Will+}
rPois    .         Reflect  .   N - +2 helmet
rElec    +         Harm     .   b - +1 cloak {rC+}
rCorr    .         Rampage  .   M - +2 pair of gloves {archery}
Will     +++..                  T - +1 pair of boots {Fly}
Stlth    ++++......             G - amulet of magic regeneration
HPRegen  0.24/turn              P - ring of willpower
MPRegen  0.51/turn              R - ring of protection from fire

@: lethally poisoned (-5 -> -16), flying
A: no striking features
a: Renounce Religion


You were on level 4 of the Snake Pit.
You worshipped Vehumet.
Vehumet was exalted by your worship.
You visited 5 branches of the dungeon, and saw 28 of its levels.
You also visited: Sewer, Bailey and Ice Cave.

You collected 3921 gold pieces.
You spent 986 gold pieces at shops.

Inventory:

Hand Weapons
 a - a +2 dagger of venom
 x - the +6 morningstar of Memunick {vamp, rPois rF+ Int+3}
   (You took it off an orc knight on level 13 of the Dungeon)

   It occasionally heals its wielder for a portion of the damage dealt when it
   wounds a living foe.
   Int:       It affects your intelligence (+3).
   rF:        It protects you from fire.
   rPois:     It protects you from poison.
Missiles
 r - 131 poisoned darts (quivered)
 s - 5 throwing nets
Armour
 b - a +1 cloak of cold resistance (worn)
 t - a +0 robe of willpower (worn)
 H - a +0 buckler (worn)
 M - a +2 pair of gloves of archery (worn)
 N - a +2 helmet (worn)
 T - a +1 pair of boots of flying (worn)
 Z - a +3 leather armour of fire resistance
Magical Staves
 e - a staff of air (weapon)
 p - a staff of poison
 X - a staff of cold
Jewellery
 j - a ring of see invisible
 k - a ring of resist corrosion
 G - an amulet of magic regeneration (around neck)
 J - a ring of ice
 K - a ring of protection from fire
 P - a ring of willpower (left hand)
 R - a ring of protection from fire (right hand)
 V - a +6 ring of dexterity
Wands
 y - a wand of digging (11)
 A - a wand of iceblast (27)
 C - a wand of mindburst (23)
 E - a wand of flame (98)
 F - a wand of paralysis (17)
 O - a wand of acid (22)
Scrolls
 f - 16 scrolls of teleportation
 h - 3 scrolls of fog
 n - 3 scrolls of magic mapping
 w - 2 scrolls of identify
 z - a scroll of blinking
 L - a scroll of summoning
 S - 4 scrolls of amnesia
 U - a scroll of fear
Potions
 c - 6 potions of haste
 g - 10 potions of heal wounds
 i - 3 potions of attraction
 l - 9 potions of curing
 m - 2 potions of might
 o - 2 potions of magic
 q - 2 potions of berserk rage
 u - 6 potions of lignification
 v - 3 potions of brilliance
 B - 2 potions of resistance
 I - 5 potions of cancellation
 Q - a potion of invisibility
 Y - 2 potions of mutation
Miscellaneous
 D - a tin of tremorstones (2/2)
 W - a phantom mirror


   Skills:
 - Level 6.0 Fighting
 + Level 9.7 Dodging
 + Level 10.1 Stealth
 - Level 4.0 Shields
 + Level 17.7 Spellcasting
 * Level 12.7 Conjurations
 - Level 10.0 Hexes
 - Level 9.0 Translocations
 - Level 3.0 Transmutations
 + Level 9.3 Fire Magic
 + Level 13.6 Ice Magic
 + Level 10.4 Earth Magic
 - Level 3.0 Poison Magic


You had 7 spell levels left.
You knew the following spells:

 Your Spells              Type           Power      Damage    Failure   Level
a - Magic Dart            Conj           100%       1d8       0%          1
b - Searing Ray           Conj           100%       3d7       0%          2
c - Fulminant Prism       Conj/Hex       39%        3d18      1%          4
d - Iskenderun's Mystic   Conj/Tloc      76%        2d15      1%          4
e - Fireball              Conj/Fire      38%        3d16      1%          5
f - Iron Shot             Conj/Erth      39%        9d8       1%          6
g - Ozocubu's Refrigerat  Ice            42%        4d13      1%          7
h - Orb of Destruction    Conj           41%        9d14      1%          7
p - Ignite Poison         Fire/Tmut/Pois 56%        N/A       1%          3
s - Sticky Flame          Conj/Fire      77%        2d9       1%          4

Your spell library contained the following spells:

 Spells                   Type           Power      Damage    Failure   Level
 Foxfire                  Conj/Fire      100%       2x1d9     0%          1
 Freeze                   Ice            100%       1d11      0%          1
 Frozen Ramparts          Ice            100%       1d12      0%          3
 Animate Skeleton         Necr           54%        N/A       1%          1
 Apportation              Tloc           100%       N/A       1%          1
 Corona                   Hex            81%        N/A       1%          1
 Summon Small Mammal      Summ           100%       N/A       1%          1
 Blink                    Tloc           N/A        N/A       1%          2
 Static Discharge         Conj/Air       79%        N/A       1%          2
 Conjure Flame            Conj/Fire      77%        6-21      1%          3
 Dazzling Flash           Conj/Hex       100%       N/A       1%          3
 Inner Flame              Hex/Fire       72%        N/A       1%          3
 Lesser Beckoning         Tloc           35%        N/A       1%          3
 Mephitic Cloud           Conj/Pois/Air  74%        N/A       1%          3
 Portal Projectile        Hex/Tloc       100%       N/A       1%          3
 Hailstorm                Conj/Ice       83%        3d17      1%          4
 Leda's Liquefaction      Hex/Erth       37%        N/A       1%          4
 Passage of Golubria      Tloc           N/A        N/A       1%          4
 Bolt of Magma            Conj/Fire/Erth 38%        4d16      1%          5
 Iskenderun's Battlesphe  Conj           82%        2d13      1%          5
 Manifold Assault         Tloc           70%        N/A       1%          5
 Call Canine Familiar     Summ           27%        N/A       4%          3
 Silence                  Hex/Air        36%        N/A       5%          5
 Dispersal                Tloc           35%        N/A       5%          6
 Summon Forest            Summ/Tloc      26%        N/A       6%          5
 Dispel Undead            Necr           27%        3d13      14%         4
 Eringya's Noxious Bog    Tmut/Pois      23%        N/A       17%         6
 Spellforged Servitor     Conj/Summ      30%        N/A       24%         7
 Agony                    Necr           27%        N/A       38%         5
 Summon Hydra             Summ           13%        N/A       100%        7
 Lehudib's Crystal Spear  Conj/Erth      39%        10d10     21%         8
 Disjunction              Tloc           35%        N/A       94%         8


Dungeon Overview and Level Annotations

Branches:
Dungeon (15/15)            Temple (1/1) D:5            Lair (6/6) D:10
 Shoals (0/4) Lair:2        Snake (4/4) Lair:4        Slime (0/5) Lair:5
    Orc (2/2) D:12            Elf (0/3) Orc:2        Vaults (0/5) D:14
 Depths (0/5) D:15          Sewer (visited)          Bailey (visited)
  IceCv (visited)

Altars:
Ashenzari
Cheibriados
Dithmenos
Elyvilon
Fedhas
Gozag
Hepliaklqana
Kikubaaqudgha
Makhleb
Nemelex Xobeh
Okawaru
Qazlal
Ru
Sif Muna
Trog
Uskayaw
Vehumet
Wu Jian
Xom
Yredelemnul
Zin
The Shining One
Beogh
Jiyva

Shops:
D:3 (   D:5 =   D:6 =   Orc:2 =!=[   Snake:1 =[[(   Snake:4 =(

Annotations:
D:8 1 runed translucent door, exclusion: door, MisterT's ghost, novice HOFi
D:13 exclusion: obsidian statue
Lair:6 exclusion: 3 doors


Message History

The black mamba is heavily wounded.
The black mamba is knocked back by the mystic blast.
The black mamba slams into the rock wall!
The black mamba bites you. The black mamba misses you.
Casting: Iskenderun's Mystic Blast (safe; 1% risk of failure)
Confirm with . or Enter, or press ? or * to list all spells.
You erupt in a blast of force!
The mystic blast hits the mana viper!
The mana viper is almost dead.
The mana viper is knocked back by the mystic blast.
The mystic blast hits the black mamba!
The black mamba is almost dead.
The black mamba is knocked back by the mystic blast.
The black mamba slams into the rock wall!
You kill the black mamba!
Vehumet accepts your kill.
You feel your power returning.
The naga sharpshooter shoots an arrow.
The arrow hits you!!
* * * LOW HITPOINT WARNING * * *
The naga sharpshooter shoots an arrow.
The arrow hits you!
* * * LOW HITPOINT WARNING * * *
The naga sharpshooter casts a spell.
The naga sharpshooter magically shoots an arrow.
The arrow hits you!
* * * LOW HITPOINT WARNING * * *
A naga comes into view. It is wielding a +0 halberd.
Found 22 gold pieces.
Found Xeumik's Jewellery Shop.
The naga shouts!
Okay, then.
Unknown command.
Casting: Iskenderun's Mystic Blast (safe; 1% risk of failure)
Confirm with . or Enter, or press ? or * to list all spells.
You erupt in a blast of force!
The mystic blast hits the mana viper!
You kill the mana viper!
Vehumet accepts your kill.
You feel your power returning.
Unknown command.
The naga mage points at you and mumbles some strange words.
The bolt of poison hits you!!
You are poisoned.
You die...

,,**......,..........#.##..# *,**
,**,...##.*####.....$..?...#**,,*
**,,...#..* *#..##.......,,,,,,
**,,,.....### #..S....#..##***,,
***.*###....####..N.<......# ***
,,,..#..........†###.#.....#***
,,,.........####N..#........,,*
,,,....N....................,,***
,,,..........###@....#.###.#,,,,*
,,,..........##..#......,,,.,,,,,
,,,..............####....,,,,,,,,
,,,..............# *#....,,,,,,,
,,,..........##### *,,,,,,,,,,,
,,,.........## *,****,*,***
,,,..∩....$.#** *,* *,*,*
**,..######..,* ***,****,,,***
,,,,,* ###,******,,,,,,,*,,,,,


You could see a naga mage.

Vanquished Creatures
  An Ice Fiend (IceCv)
  Frances (D:14)
  Kirke (Snake:3)
  A nagaraja (Snake:3)
  Louise (Snake:3)
  Snorg (D:13)
  An ettin (D:15)
  A fire dragon (D:13)
  Fannar (Lair:3)
  A rakshasa (D:13)
  5 boulder beetles
  2 salamander tyrants
  Erolcha (D:13)
  5 naga warriors
  4 ogre magi
  6 hydras
  Harold (D:9)
  5 centaur warriors
  13 two-headed ogres
  11 anacondas
  2 tengu warriors
  Urug (Lair:6)
  A hell knight (D:15)
  8 naga sharpshooters
  3 shock serpents
  A deep elf knight (D:14)
  Nergalle (D:12)
  A fire crab (D:14)
  A death drake (shapeshifter) (D:13)
  2 salamander mystics
  3 naga ritualists
  A deep troll (D:15)
  An obsidian statue (IceCv)
  8 sea snakes (Snake:3)
  A bog body (IceCv)
  A deep elf zephyrmancer (D:14)
  2 necromancers (D:15)
  Pikel (D:9)
  7 orc knights
  5 deep elf pyromancers
  10 ugly things
  2 oklob plants
  8 mana vipers
  3 cyclopes
  8 orc sorcerers (Orc:2)
  Maurice (D:8)
  4 manticores
  10 salamanders
  A guardian serpent (Snake:3)
  20 black mambas
  3 elephants (Lair:6)
  2 torpor snails
  2 molten gargoyles (Lair:3)
  A kobold demonologist (D:13)
  10 naga magi
  A torpor snail (shapeshifter) (D:13)
  9 cane toads
  Maggie (Lair:1)
  3 rime drakes
  An unseen horror (D:13)
  6 komodo dragons
  Psyche (D:9)
  3 entropy weaver simulacra (IceCv)
  2 ice devils (IceCv)
  2 anaconda simulacra (IceCv)
  3 efreet
  8 freezing wraiths (IceCv)
  A tengu conjurer (D:15)
  3 meliai (D:14)
  6 trolls
  4 polar bears
  Prince Ribbit (D:6)
  A wind drake (Lair:2)
  6 slime creatures
  7 blink frogs
  2 dream sheep (Lair:4)
  2 shadows
  2 spriggan simulacra (IceCv)
  34 yaks
  A vampire (D:13)
  3 wraiths (D:13)
  A hog (shapeshifter) (D:13)
  4 wyverns
  5 basilisks
  2 humans (Snake:3)
  2 minotaur simulacra (IceCv)
  Menkaure (D:7)
  A steam dragon (D:8)
  2 vampire mosquitoes (D:13)
  25 nagas
  2 wargs
  A harpy simulacrum (IceCv)
  Edmund (D:6)
  2 acid dragons
  A hydra simulacrum (IceCv)
  Duvessa (D:5)
  13 water moccasins
  2 ice beasts (D:10)
  A sky beast (D:6)
  An alligator simulacrum (IceCv)
  2 black bears
  14 orc warriors
  2 necrophages (D:6)
  A boggart (D:14)
  15 wolves
  13 ogres
  14 centaurs
  3 lemures (D:9)
  2 phantoms (D:6)
  5 kobold brigands
  8 bullfrogs
  A gnoll sergeant (D:11)
  A scorpion (D:6)
  Dowan (D:5)
  4 deep troll simulacra (IceCv)
  10 killer bees
  3 lindwurm simulacra (IceCv)
  5 wights (D:7)
  3 electric eels
  8 howler monkeys
  5 lava snakes (Lair:3)
  A centaur skeleton (D:4)
  8 centaur zombies
  A jelly (D:5)
  Crazy Yiuf (D:4)
  A gnoll shaman (D:7)
  15 orc priests
  Terence (D:3)
  4 iguanas
  34 orc wizards
  4 centaur simulacra (D:10)
  11 adders
  16 gnolls
  A river rat (D:4)
  4 white imps
  2 ufetubi (D:10)
  An adder skeleton (D:5)
  3 worms
  A dart slug (D:2)
  57 orcs
  19 ball pythons
  14 endoplasms
  10 giant cockroaches
  10 goblins
  4 hobgoblins
  13 quokkas
  5 bats
  17 frilled lizards
  27 kobolds
  6 rats
  A fulminant prism (D:12)
792 creatures vanquished.

Vanquished Creatures (others)
  2 humans (Snake:3)
  508 fulminant prisms
  36 fungi
  116 plants
  11 withered plants (Lair:6)
673 creatures vanquished.

Grand Total: 1465 creatures vanquished

Notes
Turn   | Place    | Note
-------+----------+-------------------------------------------
     0 | D:1      | KamiKatze the Deep Elf Conjurer began the quest for the
                  | Orb.
     0 | D:1      | Reached XP level 1. HP: 10/10 MP: 6/6
   430 | D:1      | Reached XP level 2. HP: 15/15 MP: 4/8
   433 | D:1      | Learned a level 2 spell: Searing Ray
  1032 | D:2      | Found a faded altar of an unknown god.
  1189 | D:2      | Reached XP level 3. HP: 19/19 MP: 10/10
  1545 | D:2      | Reached skill level 4 in Spellcasting
  1770 | D:3      | Reached skill level 5 in Conjurations
  1783 | D:3      | Noticed a shadow
  1784 | D:3      | Found a shadowy altar of Dithmenos.
  1785 | D:3      | Found a hazy altar of Hepliaklqana.
  1830 | D:3      | Found Ogrulich's Weapon Shoppe.
  1854 | D:3      | Found a snail-covered altar of Cheibriados.
  1864 | D:3      | Found a bloodstained altar of Trog.
  1991 | D:3      | Reached XP level 4. HP: 24/24 MP: 12/12
  1996 | D:3      | Learned a level 4 spell: Fulminant Prism
  2001 | D:3      | Learned a level 4 spell: Iskenderun's Mystic Blast
  2067 | D:3      | Found a shimmering blue altar of Sif Muna.
  2288 | D:3      | Noticed Terence
  2293 | D:3      | Killed Terence
  2455 | D:4      | Reached skill level 1 in Hexes
  2540 | D:4      | Reached skill level 1 in Translocations
  2673 | D:4      | Reached XP level 5. HP: 25/28 MP: 10/14
  2709 | D:4      | Found a glowing drain.
  2732 | Sewer    | Entered a sewer
  3158 | Sewer    | Reached skill level 5 in Spellcasting
  3448 | Sewer    | Reached XP level 6. HP: 32/32 MP: 11/15
  4216 | D:4      | Reached XP level 7. HP: 36/36 MP: 12/17
  4427 | D:4      | Found a runed translucent door.
  4428 | D:4      | Noticed Crazy Yiuf
  4436 | D:4      | Killed Crazy Yiuf
  4437 | D:4      | Reached skill level 6 in Spellcasting
  4479 | D:5      | Entered Level 5 of the Dungeon
  4521 | D:5      | Found Kimeozoj's Jewellery Shop.
  4766 | D:5      | Found a sparkling altar of Nemelex Xobeh.
  4775 | D:5      | Found a shimmering altar of Xom.
  4952 | D:5      | Found a staircase to the Ecumenical Temple.
  4958 | Temple   | Entered the Ecumenical Temple
  5177 | Temple   | Became a worshipper of Vehumet
  5266 | D:5      | Noticed Duvessa
  5266 | D:5      | Noticed Dowan
  5281 | D:5      | Killed Duvessa
  5282 | D:5      | Reached skill level 5 in Hexes
  5313 | D:5      | Killed Dowan
  5314 | D:5      | Reached skill level 7 in Spellcasting
  5314 | D:5      | Reached XP level 8. HP: 41/41 MP: 15/20
  5656 | D:6      | Noticed Edmund
  5667 | D:6      | Killed Edmund
  5749 | D:6      | Reached skill level 5 in Translocations
  5823 | D:6      | Found an ornate altar of the Wu Jian Council.
  5826 | D:6      | Noticed Prince Ribbit
  5827 | D:6      | Reached skill level 8 in Spellcasting
  5983 | D:6      | Identified the +5 hunting sling of the Dancing Soothsayer
                  | {flame, Fragile rF+++}
  6119 | D:6      | Found Tuwautaqe's Jewellery Emporium.
  6342 | D:6      | Killed Prince Ribbit
  6343 | D:6      | Reached XP level 9. HP: 45/45 MP: 11/23
  6441 | D:7      | Identified 2 scrolls of acquirement
  6441 | D:7      | Acquired 1057 gold pieces
  6443 | D:7      | Acquired a staff of air
  6533 | D:7      | Noticed Menkaure
  6549 | D:7      | Killed Menkaure
  6726 | D:7      | Reached skill level 9 in Spellcasting
  6752 | D:7      | Reached * piety under Vehumet
  6752 | D:7      | Offered knowledge of Shock by Vehumet.
  6754 | D:7      | Reached skill level 1 in Fighting
  7464 | D:8      | Noticed Maurice
  7553 | D:5      | Bought a ring of see invisible for 195 gold pieces
  7696 | D:8      | Killed Maurice
  7756 | D:8      | Noticed a two-headed ogre
  7770 | D:8      | Killed a two-headed ogre
  7771 | D:8      | Reached XP level 10. HP: 53/53 MP: 9/25
  7999 | D:8      | Reached skill level 1 in Shields
  8053 | D:8      | Found a blossoming altar of Fedhas.
  8337 | D:8      | Found a shimmering altar of Xom.
  8337 | D:8      | Noticed MisterT's ghost (novice HOFi)
  8337 | D:8      | Noticed a +0 long sword of chaos
  8339 | D:8      | Found a runed translucent door.
  8642 | D:9      | Reached ** piety under Vehumet
  8646 | D:9      | Offered knowledge of Poisonous Vapours by Vehumet.
  8691 | D:9      | Noticed a two-headed ogre
  8704 | D:9      | Killed a two-headed ogre
  9032 | D:9      | Reached skill level 10 in Spellcasting
  9155 | D:9      | Noticed Pikel
  9161 | D:9      | Killed Pikel
  9162 | D:9      | Reached skill level 5 in Stealth
  9209 | D:9      | Found a basalt altar of Yredelemnul.
  9250 | D:9      | Noticed Psyche
  9387 | D:5      | Bought a ring of willpower for 325 gold pieces
  9491 | D:9      | Killed Psyche
  9638 | D:9      | Noticed Harold
  9967 | D:9      | Found a broken altar of Ashenzari.
 10268 | D:10     | Entered Level 10 of the Dungeon
 10343 | D:10     | Offered knowledge of Ignite Poison by Vehumet.
 10352 | D:9      | Learned a level 3 spell: Ignite Poison
 10359 | D:10     | Reached XP level 11. HP: 29/59 MP: 18/27
 10575 | D:10     | Reached skill level 5 in Dodging
 10711 | D:10     | Reached *** piety under Vehumet
 10966 | D:10     | Noticed a two-headed ogre
 10973 | D:10     | Killed a two-headed ogre
 10974 | D:10     | Reached skill level 11 in Spellcasting
 10974 | D:10     | Reached skill level 10 in Conjurations
 11044 | D:10     | Found a staircase to the Lair.
 11212 | D:10     | Found a burning altar of Makhleb.
 11343 | D:11     | Found a flagged portal.
 11346 | D:11     | Offered knowledge of Frozen Ramparts by Vehumet.
 11382 | Bailey   | Entered a bailey
 11665 | Bailey   | Noticed an orc knight
 11678 | Bailey   | Killed an orc knight
 11706 | Bailey   | Noticed an orc knight
 11706 | Bailey   | Identified the +4 fire dragon scales of Motiut {rF++ rC-
                  | rN+ Str+3 Int+3}
 11706 | Bailey   | Noticed an orc knight
 11718 | Bailey   | Killed an orc knight
 11724 | Bailey   | Killed an orc knight
 12194 | D:11     | Noticed a brown ugly thing
 12205 | D:11     | Killed a brown ugly thing
 12286 | D:11     | Noticed a two-headed ogre
 12289 | D:11     | Killed a two-headed ogre
 12480 | D:11     | Reached **** piety under Vehumet
 12817 | Lair:1   | Entered Level 1 of the Lair of Beasts
 12846 | Lair:1   | Noticed Maggie
 12977 | D:9      | Killed Harold
 12978 | D:9      | Reached skill level 12 in Spellcasting
 12978 | D:9      | Reached XP level 12. HP: 66/66 MP: 23/30
 13113 | Lair:1   | Killed Maggie
 13114 | Lair:1   | Reached skill level 1 in Transmutations
 13114 | Lair:1   | Reached skill level 1 in Fire Magic
 13114 | Lair:1   | Reached skill level 1 in Poison Magic
 13279 | Lair:1   | Offered knowledge of Lightning Bolt by Vehumet.
 14170 | Lair:2   | Noticed a five-headed hydra
 14184 | Lair:2   | Killed a five-headed hydra
 14284 | Lair:2   | Found a staircase to the Shoals.
 14808 | Lair:3   | Reached skill level 10 in Hexes
 14911 | Lair:3   | Noticed Fannar
 14922 | Lair:3   | Killed Fannar
 15080 | Lair:3   | Reached skill level 13 in Spellcasting
 15406 | Lair:3   | You fall into a shaft and drop 2 floors!
 16385 | Lair:4   | Reached XP level 13. HP: 72/72 MP: 25/32
 16590 | Lair:4   | Reached skill level 5 in Fighting
 16605 | Lair:4   | Reached ***** piety under Vehumet
 16617 | Lair:4   | Offered knowledge of Ozocubu's Refrigeration by Vehumet.
 16626 | Lair:4   | Learned a level 7 spell: Ozocubu's Refrigeration
 16897 | Lair:4   | Reached skill level 1 in Ice Magic
 16946 | Lair:4   | Found a staircase to the Snake Pit.
 17467 | Lair:5   | Found a staircase to the Slime Pits.
 17489 | Lair:5   | Found a viscous altar of Jiyva.
 17883 | Lair:6   | Entered Level 6 of the Lair of Beasts
 18057 | Lair:6   | Reached skill level 14 in Spellcasting
 18061 | Lair:6   | Identified the +9 falchion of the Fray {vorpal, rF+ rN+
                  | Str+3}
 18359 | Lair:6   | Reached skill level 5 in Ice Magic
 18811 | Lair:6   | Noticed Urug
 18817 | Lair:6   | Killed Urug
 19402 | D:12     | Found a staircase to the Orcish Mines.
 19457 | D:12     | Noticed Nergalle
 19460 | D:12     | Killed Nergalle
 19578 | D:12     | Learned a level 6 spell: Iron Shot
 19631 | D:12     | Reached skill level 1 in Earth Magic
 20097 | Orc:1    | Entered Level 1 of the Orcish Mines
 20228 | Orc:2    | Entered Level 2 of the Orcish Mines
 20755 | Orc:2    | Found a staircase to the Elven Halls.
 21358 | Orc:1    | Offered knowledge of Bolt of Magma by Vehumet.
 21362 | Orc:1    | Reached skill level 15 in Spellcasting
 21685 | Orc:2    | Reached XP level 14. HP: 80/80 MP: 24/35
 21902 | Orc:2    | Found an ancient bone altar of Kikubaaqudgha.
 21917 | Orc:2    | Found Acyxynk's Jewellery Shop.
 21949 | Orc:2    | Found a radiant altar of Vehumet.
 22066 | Orc:2    | Found Xetineg's Jewellery Boutique.
 22482 | Orc:2    | Found Titox Zae's Antique Armour Shop.
 22496 | Orc:2    | Found Liuwuvois's Distillery.
 22561 | Orc:2    | Bought a runed helmet for 187 gold pieces
 22583 | Orc:2    | Bought a pair of runed boots for 187 gold pieces
 22603 | Orc:2    | Bought an embroidered robe for 92 gold pieces
 22793 | D:13     | Reached skill level 5 in Earth Magic
 22900 | D:13     | Noticed Snorg
 22904 | D:13     | Killed Snorg
 23596 | D:13     | Noticed Erolcha
 23599 | D:13     | Killed Erolcha
 23600 | D:13     | Reached skill level 10 in Ice Magic
 24440 | D:13     | Identified the +6 morningstar of Memunick {vamp, rPois rF+
                  | Int+3}
 25002 | D:14     | Found a frozen archway.
 25024 | IceCv    | Entered an ice cave
 25032 | IceCv    | Learned a level 4 spell: Sticky Flame
 25291 | IceCv    | Reached skill level 16 in Spellcasting
 25474 | IceCv    | Noticed an Ice Fiend
 25494 | IceCv    | Killed an Ice Fiend
 26694 | D:14     | HP: 1/80 [meliai/divine providence (13)]
 26696 | D:14     | Reached XP level 15. HP: 2/84 MP: 27/37
 27134 | D:14     | Noticed Frances
 27140 | D:14     | Killed Frances
 27229 | D:14     | Reached ****** piety under Vehumet
 27834 | D:14     | Offered knowledge of Fireball by Vehumet.
 27841 | D:14     | Learned a level 5 spell: Fireball
 27950 | D:14     | Found a gate to the Vaults.
 28205 | D:15     | Entered Level 15 of the Dungeon
 28857 | D:15     | Reached skill level 5 in Fire Magic
 29104 | D:15     | Found a glowing golden altar of the Shining One.
 29549 | D:15     | Found a staircase to the Depths.
 29697 | D:15     | Reached skill level 17 in Spellcasting
 30155 | Snake:1  | Entered Level 1 of the Snake Pit
 30379 | Snake:1  | Found Gen Jong's Armour Shoppe.
 30381 | Snake:1  | Found Assuu's Weapon Emporium.
 30381 | Snake:1  | Found Voodghach's Jewellery Shoppe.
 30384 | Snake:1  | Found Hitunevir's Armour Emporium.
 31248 | Snake:1  | Offered knowledge of Freezing Cloud by Vehumet.
 31258 | Snake:1  | Reached XP level 16. HP: 78/88 MP: 13/39
 33450 | Snake:3  | Reached skill level 10 in Earth Magic
 33626 | Snake:3  | Noticed Kirke
 33632 | Snake:3  | Killed Kirke
 33794 | Snake:3  | Noticed Louise
 33929 | Snake:3  | Killed Louise
 34298 | Snake:3  | Offered knowledge of Orb of Destruction by Vehumet.
 34307 | Snake:3  | Learned a level 7 spell: Orb of Destruction
 34331 | Snake:3  | Reached skill level 10 in Stealth
 34694 | Snake:3  | Identified the +3 trident of the Firefly {antimagic, rPois
                  | Dex+6 SInv}
 35449 | Snake:4  | Entered Level 4 of the Snake Pit
 35476 | Snake:4  | Found Pikocupt's Weapon Boutique.
 35654 | Snake:4  | Found Xeumik's Jewellery Shop.
 35662 | Snake:4  | Killed from afar by a naga mage

Illustrated notes

Levels and vault maps discovered:
D:1:      lemuel_arrival_muddy, layout_basic, chequers_decorated_corner
D:2:      layout_rooms, dreamdust_ecumenical_altar_statues,
          corexii_item_surrounded_by_moat, kennysheep_generic_room_13
D:3:      layout_loops_cross, riverfiend_overflow_shadow_ancestor,
          nicolae_sif_muna_little_library, mainiacjoe_overflow_large_starburst,
          serial_shops, shop, uniq_terence
D:4:      layout_rooms, gup_sewer_entry_spiral, lexackson_kobold_supper,
          uniq_crazy_yiuf_cottage
D:5:      layout_basic, mainiacjoe_overflow_swirl, minmay_temple_entry_fiery,
          serial_shops, shop, uniq_duvessa
D:6:      layout_rooms, nicolae_wu_jian_wuxing_cycle, serial_shops,
          nicolae_shop_trees, minmay_misc_feat_diagonals,
          minmay_misc_feat_ornament, uniq_edmund, uniq_prince_ribbit1
D:7:      layout_basic, uniq_menkaure
D:8:      layout_loops_ring, fedhas_altar_3, ebering_ghost_xom, minivault_1,
          uniq_maurice
D:9:      layout_layer_cave, cheibrodos_ashenzari_chains,
          lemuel_zombie_altar_yredelemnul, uniq_harold, uniq_psyche, uniq_pikel
D:10:     layout_gridville, lightli_temple_of_fire, david_lair_shrubbed,
          serial_ice, serial_ice_a, serial_ice_i, serial_ice_n, serial_ice_c,
          serial_ice_m, serial_ice_b, serial_ice_g, serial_ice_e
D:11:     layout_loops_corners, enter_bailey_5
D:12:     layout_cave_pools, orc_0_dummy, uniq_nergalle
D:13:     minmay_the_grid_triangle_9x9_rhombus_full_mashed
          [minmay_the_grid_triangle_9x9_flanged_cone,
          minmay_the_grid_triangle_9x9_negative_grid,
          minmay_the_grid_triangle_9x9_corruption,
          minmay_the_grid_triangle_9x9_longest,
          minmay_the_grid_triangle_9x9_steps,
          minmay_the_grid_triangle_9x9_dagger,
          minmay_the_grid_triangle_9x9_sparse_checkered,
          minmay_the_grid_triangle_9x9_prize_top_heavy], layout_layer_cave,
          minivault_16, uniq_snorg, uniq_erolcha
D:14:     layout_rooms, hangedman_vaults_entry_quadrant_bands,
          portal_ice_cave_entry_pillars_2, nicolae_twisting_strands,
          uniq_frances
D:15:     hangedman_depths_entry_civil_slaughter, layout_long_grid,
          nicolae_tso_swordbearing_angel, minivault_4,
          hangedman_abyss_or_decor_stabs, minmay_tree_intersection,
          minmay_door_square
Temple:   dpeg_chambers_temple
Lair:1:   layout_small_grid, grunt_megastairs_4, uniq_maggie
Lair:2:   layout_concentric_octagons, minmay_shoals_entry_beasts
Lair:3:   cheibrodos_magma_flow, layout_regular_city, serial_bayou_lake_a,
          uniq_fannar
Lair:4:   layout_hall_layers, minmay_snake_entry_guardpost_small
Lair:5:   layout_cave_pods, slime_altar_1, lemuel_fruit_tree
Lair:6:   due_jungle_book, layout_regular_city, uniq_urug
Snake:1:  layout_cave_shapes, nicolae_snake_gridmaze_big_u, serial_bayou_pond_a,
          grunt_megastairs_5, minmay_shoptagon
Snake:2:  layout_grid_maze
Snake:3:  minmay_snake_river, layout_onion, st_stairs_9, uniq_louise, uniq_kirke
Snake:4:  johnstein_snake_rune_scales, layout_rooms, serial_shops,
          bzr_entry_lakeside, shop, nicolae_shop_statue_plus, basic_altar,
          uniq_vashnia
Orc:1:    layout_caves, basic_altar, david_defended_altar_orc
Orc:2:    kennysheep_orc_mage_school, layout_caves

Skill      XL: |  1  2  3  4  5  6  7  8  9 10 11 12 13 14 15 16 |
---------------+-------------------------------------------------+-----
Stealth        | 3 4 5 6 8 9 10 | 10.1
Spellcasting   | 4 5 7 8 9 10 12 13 15 16 17 | 17.7
Dodging        | 3 4 6 7 8 9 |  9.7
Conjurations   | 5 6 8 9 10 11 12 | 12.7
Hexes          | 1 2 3 5 7 8 9 10 | 10.0
Translocations | 1 2 3 4 6 7 8 9 |  9.0
Fighting       | 1 2 3 4 6 |  6.0
Shields        | 4 |  4.0
Transmutations | 3 |  3.0
Fire Magic     | 3 7 9 |  9.3
Poison Magic   | 3 |  3.0
Ice Magic      | 8 11 13 | 13.6
Earth Magic    | 3 7 9 10 | 10.4

Action                   |  1- 3 |  4- 6 |  7- 9 | 10-12 | 13-15 | 16-18 || total
-------------------------+-------+-------+-------+-------+-------+-------++-------
Melee: Dagger            |     3 |       |     1 |     5 |       |       ||     9
       Whip              |     1 |       |       |       |       |       ||     1
       Short sword       |     7 |    10 |       |       |       |       ||    17
       Staff             |       |       |       |       |     1 |       ||     1
 Cast: Magic Dart        |    54 |    83 |    30 |    31 |    18 |       ||   216
       Searing Ray       |     4 |    30 |    44 |    38 |    23 |     2 ||   141
       Iskenderun's Myst |       |       |     6 |    38 |   104 |    21 ||   169
       Fulminant Prism   |       |       |    16 |   165 |   311 |    17 ||   509
       Iron Shot         |       |       |       |       |    89 |    32 ||   121
       Sticky Flame      |       |       |       |       |     4 |       ||     4
       Ozocubu's Refrige |       |       |       |       |    28 |    67 ||    95
       Fireball          |       |       |       |       |    14 |    17 ||    31
       Orb of Destructio |       |       |       |       |       |     8 ||     8
Evoke: Wand              |       |       |       |     2 |       |       ||     2
  Use: Scroll            |       |     2 |    10 |    11 |     7 |     2 ||    32
       Potion            |       |       |     1 |       |     2 |       ||     3
 Stab: Sleeping          |     3 |       |       |     2 |       |       ||     5
Armor: Robe              |       |     7 |     5 |     9 |    26 |    10 ||    57
Dodge: Dodged            |     8 |    25 |    20 |    29 |    66 |    19 ||   167
Block: Buckler           |       |       |       |    11 |    19 |     5 ||    35
